 Dungeon Crawl Stone Soup version 0.29-a0-723-gce39da1c22 (webtiles) character file.

Game seed: 1638623756212959672

167 blackman the Chopper (level 5, -2/41 HPs)
             Began as a Human Delver on June 28, 2022.
             Slain by a phantom (3 damage)
             ... on level 4 of the Dungeon.
             The game lasted 00:02:01 (1903 turns).

blackman the Chopper (Human Delver)                 Turns: 1903, Time: 00:02:02

Health: -2/41      AC:  3    Str: 14    XL:     5   Next: 76%
Magic:  5/5        EV: 12    Int: 10    God:
Gold:   21         SH:  0    Dex: 15    Spells: 4/4 levels left

rFire   . . .      SeeInvis .   a - +0 hand axe
rCold   . . .      Faith    .   (no shield)
rNeg    . . .      Spirit   .   b - +0 leather armour
rPois   .          Reflect  .   (no helmet)
rElec   .          Harm     .   (no cloak)
rCorr   .          Rampage  .   (no gloves)
Will    .....                   (no boots)
Stlth   +++.......              (no amulet)
HPRegen 0.13/turn               (no ring)
MPRegen 0.09/turn               (no ring)

@: no status effects
A: no striking features
a: no special abilities


You were on level 4 of the Dungeon.
You visited 1 branch of the dungeon, and saw 2 of its levels.

You collected 21 gold pieces.

Inventory:

Hand Weapons
 a - a +0 hand axe (weapon)
Missiles
 e - 13 poisoned darts (quivered)
 h - 6 curare-tipped darts
Armour
 b - a +0 leather armour (worn)
Wands
 g - a wand of digging (2)
Scrolls
 c - a scroll of fog
 d - a scroll of magic mapping
 f - a scroll of blinking {unknown}


   Skills:
 - Level 3.0 Fighting
 + Level 5.5 Axes
 - Level 2.0 Dodging
 - Level 5.0 Stealth


You had 4 spell levels left.
You didn't know any spells.
Your spell library contained the following spells:

 Spells                   Type           Power      Damage    Failure   Level
 Scorch                   Fire           0%         2d5       58%         2
 Flame Wave               Conj/Fire      0%         2d4       99%         4
 Summon Cactus Giant      Summ           0%         N/A       100%        6


Dungeon Overview and Level Annotations

Branches:
Dungeon (5/15)
 Temple: D:4-7

Altars:
Yredelemnul

Shops:
D:5 (


Message History

Aim: a phantom (heavily damaged, about 47% to evade your +0 hand axe)
You closely miss the phantom.
The phantom is heavily damaged.
The phantom hits you.
* * * LOW HITPOINT WARNING * * *
The phantom blinks!
You blink.
Cleave: a) +0 hand axe
Press: ? - help, Dir - move target, f/p - phantom
Aim: a phantom (heavily damaged, about 47% to evade your +0 hand axe)
You hit the phantom.
The phantom is heavily damaged.
The phantom hits you but does no damage.
Cleave: a) +0 hand axe
Press: ? - help, Dir - move target, f/p - phantom
Aim: a phantom (heavily damaged, about 47% to evade your +0 hand axe)
You closely miss the phantom.
The phantom is heavily damaged.
The phantom misses you.
Cleave: a) +0 hand axe
Press: ? - help, Dir - move target, f/p - phantom
Aim: a phantom (heavily damaged, about 47% to evade your +0 hand axe)
You hit the phantom but do no damage.
The phantom is heavily damaged.
The phantom hits you.
* * * LOW HITPOINT WARNING * * *
The phantom blinks!
You blink.
Cleave: a) +0 hand axe
Press: ? - help, Dir - move target, f/p - phantom
Aim: a phantom (heavily damaged, about 47% to evade your +0 hand axe)
You closely miss the phantom.
The phantom is heavily damaged.
The phantom hits you.
* * * LOW HITPOINT WARNING * * *
Cleave: a) +0 hand axe
Press: ? - help, Dir - move target, f/p - phantom
Aim: a phantom (heavily damaged, about 47% to evade your +0 hand axe)
You hit the phantom but do no damage.
The phantom is heavily damaged.
The phantom hits you.
You die...

########### ......... ..#
#.##...# #?# #.##...####§# ##
#### #.##@W...##.# ##.# #.. ..#
#.###..#.##.# #... #..####.#
#.###..!..§.# #...
#....##.####......#.#### #...
#.##.##).............§.######...
#.##<##......######.##.##.......
#............# #.##........>.
#.##.##......## #.#####.......
#....##.......# #.# #####...


You could see a phantom.

Vanquished Creatures
  A necrophage (D:4)
  A scorpion (D:4)
  An iguana (D:4)
  2 adders (D:4)
  A worm (D:4)
  An endoplasm (D:4)
  A hobgoblin (D:4)
  2 kobolds (D:4)
10 creatures vanquished.

Notes
Turn   | Place    | Note
-------+----------+-------------------------------------------
     0 | D:5      | blackman the Human Delver began the quest for the Orb.
     0 | D:5      | Reached XP level 1. HP: 18/18 MP: 1/1
    11 | D:5      | Noticed a hound
    19 | D:5      | Noticed an iguana
    23 | D:5      | Found Itixtib's Weapon Boutique.
    23 | D:5      | Noticed an iguana
    54 | D:4      | Reached XP level 2. HP: 1/24 MP: 2/2
   600 | D:4      | Found a basalt altar of Yredelemnul.
   610 | D:4      | Reached XP level 3. HP: 27/29 MP: 3/3
   638 | D:4      | Noticed a scorpion
   651 | D:4      | Killed a scorpion
   652 | D:4      | Reached XP level 4. HP: 13/35 MP: 4/4
  1308 | D:4      | Noticed a phantom
  1358 | D:4      | Reached XP level 5. HP: 39/41 MP: 5/5
  1382 | D:4      | Reached skill level 5 in Axes
  1902 | D:4      | HP: 1/41 [phantom (4)]
  1903 | D:4      | Slain by a phantom

Illustrated notes

Levels and vault maps discovered:
D:4:      layout_loops_cross, lemuel_round_altar, uniq_duvessa
D:5:      layout_basic, serial_shops,
          nicolae_shop_temple_entry_statues_fountains

Skill      XL: |  1  2  3  4  5 |
---------------+----------------+-----
Axes           | 3 4 5 |  5.5
Fighting       | |  3.0
Dodging        | |  2.0
Stealth        | |  5.0

Action                   |  1- 3 |  4- 6 || total
-------------------------+-------+-------++-------
Melee: Hand axe          |    20 |    71 ||    91
       Punch             |       |     1 ||     1
Evoke: Wand              |     1 |       ||     1
  Use: Scroll            |     1 |       ||     1
       Potion            |     1 |       ||     1
 Stab: Sleeping          |     1 |     3 ||     4
Armor: Leather armour    |     5 |    10 ||    15
Dodge: Dodged            |    14 |    28 ||    42

Table legend: (Time is in decaauts)
 A = Elapsed time spent in this place.
 B = Non-inter-level travel time spent in this place.
 C = Inter-level travel time spent in this place.
 D = Time resting spent in this place.
 E = Time spent auto-exploring this place.
 F = Levels seen in this place.
 G = Mean time per level.
                   A        B        C        D        E       F      G
               +--------+--------+--------+--------+--------+-----+--------+
         Total |   1889 |   1868 |     21 |   1252 |    353 |   2 |  944.5 |
       Dungeon |   1889 |   1868 |     21 |   1252 |    353 |   2 |  944.5 |
               +--------+--------+--------+--------+--------+-----+--------+

Top non-repeatable levels by time:
     D:4: 1839 daAuts
     D:5: 50 daAuts
